 Dungeon Crawl Stone Soup version 0.18.1-50-g88ac8fd (webtiles) character file.

81 wamma the Skirmisher (level 4, -17/37 HPs)
             Began as a Demonspawn Chaos Knight on Sept 15, 2016.
             Demolished by a shadow (26 damage)
             ... summoned by the capriciousness of Xom
             ... on level 2 of the Dungeon.
             The game lasted 00:08:26 (1237 turns).

wamma the Skirmisher (Demonspawn Chaos Knight)      Turns: 1237, Time: 00:08:28

Health: -17/37     AC:  5    Str: 14    XL:     4   Next: 20%
Magic:  4/4        EV: 11    Int: 11    God:    Xom [.*....]
Gold:   90         SH:  0    Dex: 12    Spells: 0 memorised, 3 levels left

rFire  . . .     SeeInvis .     a - +0 mace (chaos)
rCold  . . .     Gourm    .     b - +3 leather armour
rNeg   . . .     Faith    .     (no shield)
rPois  .         Spirit   .     (no helmet)
rElec  .         Dismiss  .     (no cloak)
rCorr  .         Reflect  .     (no gloves)
SustAt .         Harm     .     (no boots)
MR     .....     Clarity  +     (no amulet)
Stlth  +.........               (no ring)
                                (no ring)

@: not resistant to hostile enchantments, very unstealthy
A: molten scales 1, clarity, deformed body, demonic guardian 1, dopey 1,
screaming 1
a: Renounce Religion


You were on level 2 of the Dungeon.
You worshipped Xom.
You were a plaything of Xom.
You were not hungry.

You visited 1 branch of the dungeon, and saw 2 of its levels.

You collected 90 gold pieces.

Inventory:

Hand Weapons
 a - a +0 mace of chaos (weapon)
Armour
 b - a +3 leather armour (worn)
Jewellery
 f - a cursed -2 ring of protection {unknown}
Potions
 e - a potion of might {unknown}
 g - a potion of mutation {unknown}
Comestibles
 c - 4 bread rations
 h - a meat ration
 j - a royal jelly
 k - 6 chunks of flesh


   Skills:
 + Level 3.7 Fighting
 + Level 3.1 Maces & Flails
 + Level 2.4 Armour
 + Level 1.6 Dodging
 + Level 0.6 Stealth


You had 3 spell levels left.
You didn't know any spells.

Dungeon Overview and Level Annotations

Branches:
Dungeon (2/15)

Altars:


Innate Abilities, Weirdness & Mutations

You are partially covered in molten scales (AC +1).
A weak demonic guardian rushes to your aid.
You possess an exceptional clarity of mind.
Armour fits poorly on your strangely shaped body.
You are dopey. (Int -2)
You occasionally shout uncontrollably at your foes.


Message History

The shadow hits you.
You are too injured to fight recklessly!
You are too injured to fight recklessly!
The shadow hits you.
* * * LOW HITPOINT WARNING * * *
You are too injured to fight recklessly!
You hit the shadow.
You heal the shadow.
The shadow is completely healed.
Your iron imp hits the shadow.
The shadow slips into darkness.
The shadow flickers and vanishes!
Deactivating autopickup; reactivate with Ctrl-A.
The shadow slips into darkness.
The shadow flickers and vanishes!
You hit something.
There is a sudden explosion of sparks!
Your ufetubus closely misses something.
Your ufetubus hits something but does no damage.
The shadow strikes at you from the darkness!
Ouch! That really hurt!
You die...
Xom snickers!

#.#..#..#...............
.........#... #..#.......
..............##.#.####.#
..........#............#
.#.#....#.#####.#.######
................#.#
.#.#.##†#.####.)#.#
..#.#..{5...# #..#.#
......5{@#.## #..#.#
#.#(#....#.# #..... #
#.####.# #.##.# #. ...
... (# ## #.# #.# # #.#


You could see a friendly iron imp and a friendly ufetubus.

Vanquished Creatures
  2 adders (D:2)
  An ooze (D:1)
  A worm (D:2)
  A dart slug (D:1)
  3 giant geckos
  4 bats
  2 giant cockroaches (D:2)
  5 goblins
  5 hobgoblins
  3 jackals (D:1)
  3 ball pythons
  A giant newt (D:1)
  4 kobolds (D:1)
  5 rats
40 creatures vanquished.

Vanquished Creatures (collateral kills)
  An adder (D:2)
  A kobold (D:2)
2 creatures vanquished.

Grand Total: 42 creatures vanquished

Notes
Turn   | Place    | Note
--------------------------------------------------------------
     0 | D:1      | wamma the Demonspawn Chaos Knight began the quest for the Orb.
     0 | D:1      | Reached XP level 1. HP: 18/18 MP: 1/1
    11 | D:1      | XOM: divination: magic mapping
    52 | D:1      | Gained mutation: You are partially covered in molten scales (AC +1). [demonic ancestry]
    52 | D:1      | Reached XP level 2. HP: 21/24 MP: 2/2
    70 | D:1      | XOM: harmless Summ miscast
   204 | D:1      | Reached skill level 1 in Dodging
   218 | D:1      | XOM: give mutations
   218 | D:1      | Gained mutation: You occasionally shout uncontrollably at your foes. [Xom's mischief]
   218 | D:1      | Gained mutation: You possess an exceptional clarity of mind. [Xom's mischief]
   218 | D:1      | Gained mutation: Armour fits poorly on your strangely shaped body. [Xom's mischief]
   218 | D:1      | Gained mutation: You are dopey. (Int -2) [Xom's mischief]
   275 | D:1      | XOM: 2-stop teleportation journey
   498 | D:1      | Gained mutation: A weak demonic guardian rushes to your aid. [demonic ancestry]
   498 | D:1      | Reached XP level 3. HP: 21/29 MP: 3/3
   969 | D:2      | XOM: god gift: 36 gold pieces
  1116 | D:2      | Reached XP level 4. HP: 21/37 MP: 4/4
  1231 | D:2      | XOM: medium Necr miscast
  1232 | D:2      | Noticed a shadow
  1232 | D:2      | Noticed a shadow
  1237 | D:2      | Demolished by a shadow

Skill      XL: |  1  2  3 |
---------------+----------+-----
Dodging        | 1 |  1.6
Maces & Flails | 3 |  3.1
Armour         | 2 |  2.4
Fighting       | |  3.7
Stealth        | |  0.6

Action                   |  1- 3 |  4- 6 || total
-------------------------+-------+-------++-------
Melee: Mace              |    97 |    17 ||   114
  Use: Scroll            |     3 |       ||     3
       Potion            |     1 |       ||     1
 Stab: Petrifying        |     2 |       ||     2
       Paralysed         |     1 |       ||     1
       Sleeping          |     1 |       ||     1
  Eat: Chunk             |     1 |       ||     1
Armor: Leather armour    |    57 |     5 ||    62
Dodge: Dodged            |    81 |     7 ||    88
